 Dungeon Sprint DCSS version 0.31-a0-507-gbafd7f5274 (webtiles) character file.

Game seed: 5643480421354988779

203126 Midn8 the End of an Era (level 19, -3/207 HPs)
             Began as a Hill Orc Monk on Aug 9, 2023.
             Was the Champion of Qazlal.
             Killed by a royal mummy's death curse (14 damage)
             ... in the Dungeon (Sprint V: "Ziggurat Sprint").
             The game lasted 00:18:28 (2729 turns).

Midn8 the End of an Era (Hill Orc Monk)             Turns: 2729, Time: 00:18:28

Health: -3/207     AC: 50    Str: 28    XL:     19   Next: 4%
Magic:  0/38       EV: 13    Int: 10    God:    Qazlal [******]
Gold:   0          SH: 50    Dex: 17    Spells: 48/48 levels left

rFire   + . .        E - +11 Screaming Sword {sonic wave}
rCold   + + .        D - +18 shield of the Gong {Loud rN+ Will+ rCorr EV-5}
rNeg    + + .        k - +9 gold dragon scales
rPois   +            L - +2 helmet "Forget-Me-Not" {rC+ rN+ Dex+4}
rElec   +            C - +1 cloak of Starlight {*Dazzle EV+4 Stlth--}
rCorr   +            (no gloves)
SInv    .            V - +1 pair of boots {Fly}
Will    ++...        S - brooch of Shielding {Spirit SH+8} Stlth
                     J - ring of Rutem {rElec Str+6}
HPRegen 0.54/turn    K - +4 ring of protection
MPRegen 0.26/turn

%: no teleportation, repel missiles, guardian spirit
@: flying, slowed, studying 3 skills, very slow
A: no striking features
a: Renounce Religion, Upheaval, Elemental Force, Disaster Area


You were in the Dungeon.
You worshipped Qazlal.
Qazlal was exalted by your worship.
You visited 1 branch

Inventory:

Hand Weapons
 a - a +0 hand axe
 E - the +11 Screaming Sword (weapon) {sonic wave}
   (You found it in the Dungeon)
Armour
 b - a +0 robe
 d - an orb of light
 k - +9 gold dragon scales (worn)
 C - the +1 cloak of Starlight (worn) {*Dazzle EV+4 Stlth--}
   (You found it in the Dungeon)

   *Dazzle:   It may blind those who miss an attack against the wearer in melee
   combat.
   EV+4:      It affects your evasion (+4).
   Stlth--:   It makes you much less stealthy.
 D - the +18 shield of the Gong (worn) {Loud rN+ Will+ rCorr EV-5}
   (You found it in the Dungeon)

   Loud:      It is deafeningly noisy when blocking attacks.
   EV-5:      It affects your evasion (-5).
   rN+:       It protects you from negative energy.
   Will+:     It increases your willpower.
   rCorr:     It protects you from acid and corrosion.
 L - the +2 helmet "Forget-Me-Not" (worn) {rC+ rN+ Dex+4}
   (You acquired it in the Dungeon)

   Dex+4:     It affects your dexterity (+4).
   rC+:       It protects you from cold.
   rN+:       It protects you from negative energy.
 V - a +1 pair of boots of flying (worn)
Jewellery
 w - a ring of flight
 B - a +5 ring of evasion
 G - a ring of protection from cold
 H - the amulet "Wumnaf" {Spirit rCorr Int-5 Stlth+}
   (You found it in the Dungeon)

   [amulet of guardian spirit]

   Spirit:    It causes incoming damage to be divided between your reserves of
   health and magic.
   Int-5:     It affects your intelligence (-5).
   rCorr:     It protects you from acid and corrosion.
   Stlth+:    It makes you more stealthy.
 J - the ring of Rutem (left hand) {rElec Str+6}
   (You found it in the Dungeon)

   [ring of strength]

   Str+6:     It affects your strength (+6).
   rElec:     It insulates you from electricity.
 K - a +4 ring of protection (right hand)
 N - the ring of Faifolaf {EV+5 Str-4 Dex+3 SInv}
   (You found it in the Dungeon)

   [ring of evasion]

   EV+5:      It affects your evasion (+5).
   Str-4:     It affects your strength (-4).
   Dex+3:     It affects your dexterity (+3).
   SInv:      It lets you see invisible.
 O - an amulet of regeneration
 R - a ring of protection from cold
 S - the brooch of Shielding (around neck) {Spirit SH+8}
   (You took it off an orc warrior in the Dungeon)

   [amulet of guardian spirit]

   Spirit:    It causes incoming damage to be divided between your reserves of
   health and magic.
   SH+8:      It affects your SH (+8).
 T - a ring of magical power
 U - the ring of Alalatet {AC+4 Stlth+}
   (You found it in the Dungeon)

   [ring of protection]

   AC+4:      It affects your AC (+4).
   Stlth+:    It makes you more stealthy.
 X - a +6 ring of strength
 Y - the ring "Wunloape" {rPois Str+2 Dex+6 SInv}
   (You took it off a spriggan air mage in the Dungeon)

   [ring of dexterity]

   Str+2:     It affects your strength (+2).
   Dex+6:     It affects your dexterity (+6).
   rPois:     It protects you from poison SInv: It lets you see invisible.
Talismans
 f - a talisman of death
Wands
 o - a wand of polymorph (36)
 u - a wand of mindburst (36)
 v - a wand of light (37)
 I - a wand of charming (63)
 M - a wand of flame (71)
 P - a wand of roots (62)
 Q - a wand of digging (26)
Scrolls
 j - 4 scrolls of blinking
 q - 4 scrolls of amnesia
 r - 7 scrolls of fog
 s - 5 scrolls of identify
 t - 2 scrolls of fear
 A - 3 scrolls of brand weapon
Potions
 c - a potion of ambrosia
 e - 10 potions of curing
 g - 22 potions of haste
 h - 6 potions of magic
 i - 3 potions of berserk rage
 l - 2 potions of brilliance
 m - 2 potions of invisibility
 n - 4 potions of resistance
 p - 7 potions of might
 z - 18 potions of heal wounds
Miscellaneous
 x - a condenser vane
 y - a sack of spiders
 F - a phial of floods
 W - a phantom mirror
 Z - a lightning rod (4/4)


   Skills:
 O Level 27 Fighting
 - Level 16.0 Long Blades
 - Level 4.0 Axes
 O Level 27 Armour
 - Level 15.0 Dodging
 - Level 20.0 Shields
 + Level 15.2 Spellcasting
 + Level 19.3 Conjurations
 - Level 3.9 Ice Magic
 + Level 15.8 Air Magic
 O Level 27 Invocations
 O Level 27 Evocations


You had 48 spell levels left.
You didn't know any spells.
Your spell library contained the following spells:

 Spells                   Type           Power      Damage    Failure   Level
 Magic Dart               Conj           100%       1d8       1%          1
 Shock                    Conj/Air       100%       1d9       1%          1
 Momentum Strike          Conj/Tloc      52%        3d9       1%          2
 Searing Ray              Conj           92%        2d7       1%          2
 Static Discharge         Conj/Air       84%        2-6/arc   1%          2
 Hailstorm                Conj/Ice       30%        3d8       1%          3
 Swiftness                Air            39%        N/A       1%          3
 Airstrike                Air            19%        2d(3-19)  1%          4
 Arcjolt                  Conj/Air       21%        1d31      1%          5
 Iskenderun's Battlesphe  Conj           46%        2d10      1%          5
 Poisonous Vapours        Pois/Air       46%        N/A       3%          2
 Dazzling Flash           Conj/Hex       52%        N/A       3%          3
 Conjure Ball Lightning   Conj/Air       21%        3x3d6     6%          6
 Vhi's Electric Charge    Tloc/Air       46%        N/A       7%          3
 Freezing Cloud           Conj/Ice/Air   16%        6-21      8%          5
 Cigotuvi's Dreadful Rot  Necr/Pois/Air  36%        N/A       10%         2
 Freeze                   Ice            60%        1d7       11%         1
 Flame Wave               Conj/Fire      26%        2d8       11%         4
 Fulminant Prism          Conj/Hex       13%        3d8       11%         4
 Iskenderun's Mystic Bla  Conj/Tloc      26%        2d7       11%         4
 Sticky Flame             Conj/Fire      26%        2d5       11%         4
 Orb of Destruction       Conj           23%        9d8       17%         7
 Summon Lightning Spire   Summ/Air       23%        N/A       22%         4
 Fireball                 Conj/Fire      13%        3d7       30%         5
 Frozen Ramparts          Ice            30%        1d5       32%         3
 Apportation              Tloc           14%        N/A       50%         1
 Necrotise                Necr           28%        1d5       50%         1
 Sandblast                Erth           14%        2d6       50%         1
 Sting                    Tmut/Pois      28%        1d4       50%         1
 Summon Small Mammal      Summ           28%        N/A       50%         1
 Silence                  Hex/Air        11%        N/A       52%         5
 Blink                    Tloc           14%        N/A       65%         2
 Lesser Beckoning         Tloc           14%        N/A       65%         2
 Passwall                 Tmut/Erth      5%         N/A       65%         2
 Scorch                   Fire           14%        2d5       65%         2
 Sublimation of Blood     Necr           7%         N/A       65%         2
 Wereblood                Tmut           7%         N/A       65%         2
 Call Canine Familiar     Summ           7%         N/A       86%         3
 Gell's Gravitas          Tloc           7%         N/A       86%         3
 Ignite Poison            Fire/Tmut/Pois 7%         N/A       86%         3
 Inner Flame              Hex/Fire       7%         N/A       86%         3
 Portal Projectile        Hex/Tloc       14%        N/A       86%         3
 Summon Guardian Golem    Hex/Summ       7%         N/A       86%         3
 Teleport Other           Tloc           7%         N/A       86%         3
 Tukima's Dance           Hex            7%         N/A       86%         3
 Volatile Blastmotes      Fire/Tloc      14%        2d11      86%         3
 Leda's Unmaking          Conj/Erth      13%        9d3       86%         6
 Starburst                Conj/Fire      13%        6d5       86%         6
 Summon Ice Beast         Ice/Summ       11%        N/A       94%         4
 Animate Armour           Summ/Erth      14%        N/A       99%         4
 Animate Dead             Necr           7%         N/A       99%         4
 Cause Fear               Hex            3%         N/A       99%         4
 Dispel Undead            Necr           7%         3d8       99%         4
 Leda's Liquefaction      Hex/Erth       3%         N/A       99%         4
 Manifold Assault         Tloc           7%         N/A       99%         4
 Olgreb's Toxic Radiance  Pois           7%         N/A       99%         4
 Passage of Golubria      Tloc           7%         N/A       99%         4
 Petrify                  Tmut/Erth      7%         N/A       99%         4
 Maxwell's Capacitive Co  Air            19%        ∞         99%         8
 Agony                    Necr           7%         N/A       100%        5
 Alistair's Intoxication  Tmut/Pois      4%         N/A       100%        5
 Borgnjor's Vile Clutch   Necr/Erth      3%         N/A       100%        5
 Lee's Rapid Deconstruct  Erth           3%         3d5*      100%        5
 Metabolic Englaciation   Hex/Ice        5%         N/A       100%        5
 Yara's Violent Unravell  Hex/Tmut       3%         3d4       100%        5
 Death Channel            Necr           3%         N/A       100%        6
 Dispersal                Tloc           3%         N/A       100%        6
 Eringya's Noxious Bog    Tmut/Pois      3%         4d6       100%        6
 Simulacrum               Ice/Necr       5%         N/A       100%        6
 Summon Cactus Giant      Summ           3%         N/A       100%        6
 Haunt                    Necr/Summ      3%         N/A       100%        7
 Malign Gateway           Summ/Tloc      3%         N/A       100%        7
 Spellforged Servitor     Conj/Summ      13%        N/A       100%        7
 Discord                  Hex            3%         N/A       100%        8
 Disjunction              Tloc           3%         N/A       100%        8
 Infestation              Necr           3%         N/A       100%        8
 Lehudib's Crystal Spear  Conj/Erth      13%        10d4      100%        8
 Summon Horrible Things   Summ           3%         N/A       100%        8
 Chain Lightning          Conj/Air       21%        3d28      100%        9
 Dragon's Call            Summ           3%         N/A       100%        9
 Shatter                  Erth           3%         3d7*      100%        9


Dungeon Overview and Level Annotations

Branches:
Dungeon (1/1)

Altars:
Ashenzari
Cheibriados
Dithmenos
Elyvilon
Fedhas
Gozag
Hepliaklqana
Kikubaaqudgha
Makhleb
Nemelex Xobeh
Okawaru
Qazlal
Ru
Sif Muna
Trog
Uskayaw
Vehumet
Wu Jian
Xom
Yredelemnul
Zin
The Shining One
Beogh
Jiyva
Lugonu


Message History

The blast of ice hits the flying skull!!
The flying skull partially resists.
You destroy the flying skull!
Qazlal accepts your kill.
The blast of ice hits the death scarab!!
You destroy the death scarab!
The death scarab's corpse disappears in a puff of smoke!
The blast of ice hits the royal mummy!!
The royal mummy partially resists.
The royal mummy is heavily damaged.
The cutting wind hits the death scarab!!!
You destroy the death scarab!
The death scarab's corpse disappears in a puff of smoke!
The cutting wind hits the royal mummy!!!
You destroy the royal mummy!
Qazlal accepts your kill.
The blast of rubble hits the royal mummy!!
The royal mummy is almost destroyed.
The blast of rubble hits the royal mummy.
You destroy the royal mummy!
Qazlal accepts your kill.
The blast of rubble hits the royal mummy!!
The royal mummy is severely damaged.
Qazlal accepts your kill.
You feel a bit more experienced.
The blast of rubble hits the royal mummy!!
The royal mummy is almost destroyed.
The blast of ice hits the royal mummy!!!
The royal mummy partially resists.
You destroy the royal mummy!
Qazlal accepts your kill.
The blast of rubble hits the royal mummy!!
The royal mummy is heavily damaged.
Qazlal accepts your kill.
You feel a bit more experienced.
You feel extremely nervous for a moment...
Pain shoots through your body!!
* * * LOW HITPOINT WARNING * * *
You feel extremely nervous for a moment...
Pain shoots through your body!
You die...

....).▓ .)..[.▓
=MM≈§§""[M≈?§[.
.))(=.▓
§≈≈§≈≈≈≈=|M§.).
..÷...▓
≈≈§)§°§≈≈§§≈{..
.)[...▓
≈≈§≈§°|≈§§§§§§.
.(....▓
≈.≈≈§§°§≈§§≈.§§
).....▓
≈≈≈§§°°°°○§....
[.....▓
▓§§≈..○§...▓
......▓
.▓▓▓.°.@....▓▓
......▓
..▓§..°.○.≈§.▓.
......▓
......§.§.§..≈.
......▓
......≈≈.≈≈§≈..
......▓
.....≈≈≈≈≈≈≈.≈.
.▓....
..▓..≈≈≈..≈.§▓.
▓▓▓... .
▓▓.§≈.§≈..▓▓
.▓....
..▓..≈§.≈≈..≈▓.
......
...............


You could see 3 royal mummies and a guardian mummy.

Vanquished Creatures
  A dread lich (D)
  An orb of fire (D)
  3 ancient liches (D)
  6 royal mummies (D)
  A profane servitor (D)
  A bone dragon (D)
  6 Brimstone Fiends (D)
  2 doom hounds (D)
  A Tzitzimitl (D)
  6 hellephants (D)
  11 liches (D)
  A deep elf master archer (D)
  2 tainted leviathans (D)
  10 searing wretches (D)
  4 titans (D)
  3 storm dragons (D)
  9 shadow dragons (D)
  3 pandemonium lords (D)
  3 fire giants (D)
  A draconian scorcher (D)
  9 balrugs (D)
  A draconian monk (D)
  2 ghouls (D)
  8 orc warlords (D)
  A reaper (D)
  12 stone giants (D)
  2 vampire knights (D)
  A black draconian (D)
  2 green draconians (D)
  A purple draconian (D)
  A putrid mouth (D)
  2 yellow draconians (D)
  2 demonspawn black suns (D)
  2 white draconians (D)
  3 merfolk javelineers (D)
  7 mummy priests (D)
  5 fire dragons (D)
  2 yaktaur captains (D)
  30 vault guards (D)
  A rakshasa (D)
  9 spriggan air magi (D)
  4 centaur warriors (D)
  2 death scarabs (D)
  3 two-headed ogres (D)
  3 vampire magi (D)
  4 hell hogs (D)
  A sun demon (D)
  2 orc high priests (D)
  10 soul eaters (D)
  4 skeletal warriors (D)
  17 orc knights (D)
  14 orc sorcerers (D)
  2 necromancers (D)
  A large abomination (D)
  6 cyclopes (D)
  2 moths of wrath (D)
  3 black mambas (D)
  2 rust devils (D)
  An orange demon (D)
  8 efreet (D)
  A tormentor (D)
  9 yaktaurs (D)
  An ancient zyme (D)
  10 guardian mummies (D)
  A hellwing (D)
  8 trolls (D)
  A red devil (D)
  9 wind drakes (D)
  5 flying skulls (D)
  13 air elementals (D)
  3 ushabtiu (D)
  5 shadows (D)
  2 vampires (D)
  A yak (D)
  A neqoxec (D)
  5 fire elementals (D)
  6 wargs (D)
  3 nagas (D)
  5 hell hounds (D)
  37 orc warriors (D)
  17 ogres (D)
  3 wolves (D)
  2 phantoms (D)
  4 centaurs (D)
  A bullfrog (D)
  4 scorpions (D)
  5 necrophages (D)
  3 wights (D)
  2 quasits (D)
  An iron imp (D)
  2 orc priests (D)
  An iguana (D)
  4 orc wizards (D)
  26 mummies (D)
  An adder (D)
  A shadow imp (D)
  2 ufetubi (D)
  A spectral adder (D)
  5 adder zombies (D)
  4 adder skeletons (D)
  2 ball pythons (D)
  6 bat skeletons (D)
  5 bat zombies (D)
  5 ball python skeletons (D)
  3 ball python zombies (D)
  2 giant cockroach zombies (D)
  A jackal skeleton (D)
  A jackal zombie (D)
  2 quokka skeletons (D)
  5 quokka zombies (D)
  6 fire vortices (D)
520 creatures vanquished.

Vanquished Creatures (others)
  A bat skeleton (D)
1 creature vanquished.

Grand Total: 521 creatures vanquished

Notes
Turn   | Place    | Note
-------+----------+-------------------------------------------
     0 | D        | Midn8 the Hill Orc Monk began the quest for the Orb.
     0 | D        | Reached XP level 1. HP: 19/19 MP: 1/1
    15 | D        | Found a shimmering blue altar of Sif Muna.
    15 | D        | Found a bloodstained altar of Trog.
    15 | D        | Found a sacrificial altar of Ru.
    15 | D        | Found a stormy altar of Qazlal.
    15 | D        | Found an iron altar of Okawaru.
    16 | D        | Found a sparkling altar of Nemelex Xobeh.
    16 | D        | Found a blossoming altar of Fedhas.
    16 | D        | Found the +6 Majin-Bo {spellvamp, MP+6 Int+6}
    16 | D        | Found the +27 heavy crossbow "Sniper" {heavy, Acc+∞ SInv}
    16 | D        | Found the +10 dark maul {heavy}
    16 | D        | Found the +15 Maxwell's patent armour {-Cast -Tele rElec
                  | Will+ rCorr}
    16 | D        | Found the +18 shield of the Gong {Loud rN+ Will+ rCorr
                  | EV-5}
    16 | D        | Found the +16 obsidian axe {drain, demonic, Mesm Drain Fly
                  | SInv}
    16 | D        | Found the +7 great mace "Firestarter" {flame, immolate,
                  | rFlCloud rF++}
    16 | D        | Found the +6 shillelagh "Devastator" {shatter}
    16 | D        | Found the +11 plutonium sword {Contam Stlth-}
    16 | D        | Found the +8 lance "Wyrmbane" {slay drac, rPois rF+ rC+
                  | AC+3}
    16 | D        | Found the +9 sword of Zonguldrok {reap}
    16 | D        | Found the +13 scythe of Curses {drain, curses, Drain}
    16 | D        | Found the +9 sword of Power {lifebolt}
    16 | D        | Found the +7 mace of Variability {chaos, chaos arc}
    16 | D        | Found the +11 Singing Sword {sonic wave}
    16 | D        | Found the +8 storm bow {elec, penet}
    18 | D        | Found a transporter.
    18 | D        | Found an ancient bone altar of Kikubaaqudgha.
    18 | D        | Found a viscous altar of Jiyva.
    18 | D        | Found a corrupted altar of Lugonu.
    18 | D        | Found a hazy altar of Hepliaklqana.
    18 | D        | Found a burning altar of Makhleb.
    18 | D        | Found an opulent altar of Gozag.
    65 | D        | Became a worshipper of Qazlal Stormbringer
    65 | D        | Reached * piety under Qazlal
    65 | D        | Reached ** piety under Qazlal
    73 | D        | Entered arena 2.
    73 | D        | Noticed an iron imp
    73 | D        | Found a transporter.
    74 | D        | Reached XP level 2. HP: 26/26 MP: 1/7
    76 | D        | Reached skill level 10 in Invocations
    77 | D        | Reached XP level 3. HP: 31/31 MP: 1/10
   152 | D        | Entered arena 3.
   152 | D        | Noticed a two-headed ogre
   152 | D        | Noticed a two-headed ogre
   152 | D        | Noticed an ogre
   152 | D        | Found a transporter.
   153 | D        | Killed an ogre
   154 | D        | Reached XP level 4. HP: 39/39 MP: 8/13
   154 | D        | Reached XP level 5. HP: 45/45 MP: 8/14
   156 | D        | Killed a two-headed ogre
   156 | D        | Reached *** piety under Qazlal
   157 | D        | Reached XP level 6. HP: 51/51 MP: 8/19
   157 | D        | Reached XP level 7. HP: 57/57 MP: 8/20
   159 | D        | Killed a two-headed ogre
   160 | D        | Reached XP level 8. HP: 64/64 MP: 9/23
   237 | D        | Entered arena 4.
   237 | D        | Found a transporter.
   243 | D        | Reached **** piety under Qazlal
   250 | D        | Entered arena 5.
   250 | D        | Found a transporter.
   258 | D        | Reached ***** piety under Qazlal
   260 | D        | Reached XP level 9. HP: 67/70 MP: 24/24
   276 | D        | Entered arena 6.
   276 | D        | Noticed a mummy priest
   276 | D        | Found a transporter.
   277 | D        | Killed a mummy priest
   329 | D        | Got the amulet "Wumnaf" {Spirit rCorr Int-5 Stlth+}
   340 | D        | Entered arena 7.
   341 | D        | Found a transporter.
   347 | D        | Reached ****** piety under Qazlal
   355 | D        | Entered arena 8.
   356 | D        | Found a transporter.
   368 | D        | Got the ring of Rutem {rElec Str+6}
   378 | D        | Entered arena 9.
   378 | D        | Noticed a royal mummy
   378 | D        | Noticed a guardian mummy
   378 | D        | Noticed a guardian mummy
   378 | D        | Noticed a guardian mummy
   379 | D        | Found a transporter.
   380 | D        | Killed a guardian mummy
   380 | D        | Killed a guardian mummy
   380 | D        | Killed a guardian mummy
   380 | D        | Killed a royal mummy
   381 | D        | Reached skill level 27 in Invocations
   381 | D        | Reached skill level 15 in Fighting
   381 | D        | Reached XP level 10. HP: 52/105 MP: 18/27
   537 | D        | Got the ring of Faifolaf {EV+5 Str-4 Dex+3 SInv}
   539 | D        | Acquired the +2 helmet "Forget-Me-Not" {rC+ rN+ Dex+4}
   547 | D        | Entered arena 10.
   547 | D        | Noticed a rakshasa
   547 | D        | Noticed a large abomination
   548 | D        | Killed a large abomination
   548 | D        | Killed a rakshasa
   549 | D        | Reached XP level 11. HP: 112/112 MP: 19/28
   549 | D        | Found a transporter.
   595 | D        | Entered arena 11.
   595 | D        | Found the +8 frozen axe "Frostbite" {freeze, freezing
                  | cloud, *Noise Fly rC+}
   597 | D        | Reached skill level 10 in Armour
   634 | D        | Found a transporter.
   657 | D        | Entered arena 12.
   657 | D        | Noticed a yellow draconian
   657 | D        | Noticed a white draconian
   657 | D        | Noticed a green draconian monk
   657 | D        | Noticed a yellow draconian
   657 | D        | Noticed a purple draconian
   657 | D        | Noticed a black draconian
   657 | D        | Noticed a green draconian
   658 | D        | Killed a yellow draconian
   658 | D        | Killed a green draconian monk
   658 | D        | Killed a green draconian
   658 | D        | Killed a yellow draconian
   658 | D        | Killed a black draconian
   658 | D        | Killed a red draconian scorcher
   658 | D        | Killed a white draconian
   658 | D        | Killed a white draconian
   658 | D        | Killed a purple draconian
   658 | D        | Killed a green draconian
   659 | D        | Reached skill level 10 in Long Blades
   659 | D        | Reached XP level 12. HP: 111/130 MP: 20/29
   676 | D        | Found a transporter.
   692 | D        | Got Imiycoes's Compendium of the Vector
   701 | D        | Entered arena 13.
   701 | D        | Noticed an orc high priest
   703 | D        | Killed an orc high priest
   704 | D        | Found a transporter.
   862 | D        | Entered arena 14.
   863 | D        | Noticed a two-headed ogre
   865 | D        | Killed a two-headed ogre
   903 | D        | Found a transporter.
   934 | D        | Entered arena 15.
   934 | D        | Noticed Luitor the pandemonium lord
   934 | D        | Noticed a sun demon
   934 | D        | Noticed Exologrea the pandemonium lord
   935 | D        | Noticed a demonspawn black sun
   935 | D        | Noticed a reaper
   935 | D        | Noticed a demonspawn black sun
   935 | D        | Noticed Qifin the pandemonium lord
   936 | D        | Noticed a balrug
   937 | D        | Killed a demonspawn black sun
   937 | D        | Killed a sun demon
   937 | D        | Killed a reaper
   937 | D        | Killed Exologrea the pandemonium lord
   938 | D        | Reached XP level 13. HP: 132/139 MP: 20/30
   938 | D        | Killed Qifin the pandemonium lord
   938 | D        | Killed a demonspawn black sun
   939 | D        | Reached skill level 10 in Shields
   943 | D        | Killed Luitor the pandemonium lord
   959 | D        | Found a transporter.
   974 | D        | Got the ring of Alalatet {AC+4 Stlth+}
   982 | D        | Got the Textbook on Evolved Fumes
   995 | D        | Entered arena 16.
   996 | D        | Noticed a titan
   996 | D        | Noticed a storm dragon
   996 | D        | Paralysed by an air elemental for 1 turns
   996 | D        | Identified the ring "Wunloape" {rPois Str+2 Dex+6 SInv}
   997 | D        | Killed a titan
   997 | D        | Killed a storm dragon
  1094 | D        | Found a transporter.
  1102 | D        | Acquired the +0 pair of boots "Wuexzue" {rF+}
  1125 | D        | Entered arena 17.
  1127 | D        | Noticed an ancient lich
  1127 | D        | Identified the +1 scale mail of the Centaur {-Tele Will-
                  | Int+6 Slay+2}
  1128 | D        | Noticed a lich
  1128 | D        | Identified the +6 spear of the Enfolding Moth {vamp, *Slow
                  | Str+4}
  1130 | D        | Killed an ancient lich
  1130 | D        | Killed a lich
  1131 | D        | Reached skill level 27 in Fighting
  1131 | D        | Reached skill level 15 in Armour
  1131 | D        | Reached XP level 14. HP: 168/168 MP: 22/31
  1171 | D        | Found a transporter.
  1193 | D        | Entered arena 18.
  1196 | D        | Noticed an orc warlord
  1198 | D        | Found a transporter.
  1207 | D        | Killed an orc warlord
  1229 | D        | Entered arena 19.
  1232 | D        | Noticed a deep elf master archer
  1234 | D        | Killed a deep elf master archer
  1235 | D        | Reached skill level 15 in Shields
  1288 | D        | Found a transporter.
  1296 | D        | Got Araz's Elucidation of Nocuous Ill Luck
  1300 | D        | Got Sicrashry's Second Course in Secret Knowledge
  1325 | D        | Entered arena 20.
  1329 | D        | Noticed a storm dragon
  1329 | D        | Noticed a titan
  1329 | D        | Paralysed by an air elemental for 1 turns
  1330 | D        | Noticed a storm dragon
  1331 | D        | Killed a titan
  1331 | D        | Killed a storm dragon
  1331 | D        | Killed a storm dragon
  1332 | D        | Reached XP level 15. HP: 153/174 MP: 20/32
  1375 | D        | Found a transporter.
  1399 | D        | Got Sif Muna's Atlas of the Snowflakes and Points
  1443 | D        | Entered arena 21.
  1446 | D        | Noticed a lich
  1447 | D        | Noticed a ghoul
  1447 | D        | Noticed an ancient lich
  1447 | D        | Noticed a lich
  1448 | D        | Noticed an ancient lich
  1448 | D        | Identified the staff "Iheptoaj" {rElec rF++ rN+ Str-4 Conj}
  1449 | D        | Killed a lich
  1449 | D        | Killed a ghoul
  1449 | D        | Killed a lich
  1449 | D        | Killed an ancient lich
  1450 | D        | Killed an ancient lich
  1451 | D        | Reached skill level 15 in Evocations
  1523 | D        | Found a transporter.
  1539 | D        | Got the Precepts of the Entourage
  1548 | D        | Got the Catalogue of Despicable Secrets and the Volcano
  1553 | D        | Entered arena 22.
  1555 | D        | Noticed a balrug
  1556 | D        | Noticed a Brimstone Fiend
  1556 | D        | Noticed a searing wretch
  1556 | D        | Noticed a Brimstone Fiend
  1556 | D        | Noticed a balrug
  1556 | D        | Noticed a hellephant
  1556 | D        | Noticed a balrug
  1557 | D        | Noticed a hellephant
  1557 | D        | Noticed a Brimstone Fiend
  1557 | D        | Noticed a hellephant
  1557 | D        | Noticed a searing wretch
  1557 | D        | Noticed a searing wretch
  1557 | D        | Noticed a balrug
  1557 | D        | Noticed a searing wretch
  1557 | D        | Noticed a searing wretch
  1557 | D        | Noticed a hellephant
  1557 | D        | Noticed a searing wretch
  1557 | D        | Noticed a searing wretch
  1557 | D        | Noticed a searing wretch
  1557 | D        | Noticed a searing wretch
  1558 | D        | Killed a balrug
  1558 | D        | Killed a Brimstone Fiend
  1558 | D        | Killed a Brimstone Fiend
  1558 | D        | Killed a balrug
  1558 | D        | Killed a balrug
  1558 | D        | Killed a searing wretch
  1558 | D        | Killed a balrug
  1558 | D        | Killed a Brimstone Fiend
  1558 | D        | Killed a searing wretch
  1558 | D        | Killed a hellephant
  1558 | D        | Killed a searing wretch
  1558 | D        | Killed a balrug
  1558 | D        | Killed a hellephant
  1558 | D        | Killed a searing wretch
  1558 | D        | Killed a searing wretch
  1558 | D        | Killed a hellephant
  1558 | D        | Noticed a Brimstone Fiend
  1558 | D        | Killed a searing wretch
  1558 | D        | Killed a searing wretch
  1559 | D        | Reached XP level 16. HP: 132/183 MP: 14/33
  1559 | D        | Killed a searing wretch
  1559 | D        | Killed a searing wretch
  1559 | D        | Killed a Brimstone Fiend
  1559 | D        | Killed a hellephant
  1559 | D        | Killed a searing wretch
  1559 | D        | Killed a Brimstone Fiend
  1560 | D        | Killed a hellephant
  1562 | D        | Noticed a hellephant
  1564 | D        | Noticed a Brimstone Fiend
  1565 | D        | Found a transporter.
  1570 | D        | Killed a Brimstone Fiend
  1574 | D        | Killed a hellephant
  1941 | D        | Entered arena 23.
  1946 | D        | Identified the +4 dagger of Lies {heavy, rF- rC+++ SInv}
  1948 | D        | Identified the +8 great mace of Vuiteaq {heavy, Dex+3}
  1948 | D        | Identified the amulet of the Country {Spirit rPois rF+
                  | rCorr Int-3}
  1950 | D        | Reached skill level 27 in Evocations
  1951 | D        | Found a transporter.
  1983 | D        | Got An Early Guide to Magic
  1988 | D        | Entered arena 24.
  1993 | D        | Identified the +2 robe "Uparph" {Harm rPois}
  1994 | D        | Noticed an orb of fire
  1997 | D        | Reached skill level 27 in Armour
  1997 | D        | Reached XP level 17. HP: 156/191 MP: 19/34
  1998 | D        | Killed an orb of fire
  2001 | D        | Found a transporter.
  2149 | D        | Got the Omnibus of Superposition
  2190 | D        | Entered arena 25.
  2196 | D        | Noticed a Tzitzimitl
  2196 | D        | Noticed a tainted leviathan
  2196 | D        | Noticed a doom hound
  2197 | D        | Noticed a doom hound
  2197 | D        | Noticed a profane servitor
  2197 | D        | Noticed a tainted leviathan
  2198 | D        | Killed a doom hound
  2198 | D        | Killed a Tzitzimitl
  2198 | D        | Killed a tainted leviathan
  2200 | D        | Killed a profane servitor
  2200 | D        | Killed a doom hound
  2200 | D        | Killed a tainted leviathan
  2201 | D        | Reached skill level 15 in Dodging
  2202 | D        | Noticed a bone dragon
  2206 | D        | Reached skill level 1 in Air Magic
  2216 | D        | Killed a bone dragon
  2221 | D        | Found a transporter.
  2246 | D        | Got Zoupp's Monograph on Planar Hypothermia
  2259 | D        | Got the Papyrus of Fulgent Composition
  2278 | D        | Got the Quarto of Vapourous Breccia
  2283 | D        | Got the Annotations on the Gaseous Crater
  2296 | D        | Entered arena 26.
  2304 | D        | Identified the +9 dagger of Distant Shores {pain, rPois
                  | Will+++ Str+4}
  2305 | D        | Identified the +0 chain mail of Philately {Str+3}
  2309 | D        | Reached XP level 18. HP: 200/200 MP: 26/35
  2309 | D        | Found a transporter.
  2317 | D        | Reached skill level 10 in Conjurations
  2360 | D        | Entered arena 27.
  2367 | D        | Noticed a lich
  2368 | D        | Identified the +8 scimitar of Lies {heavy, Fly rC+}
  2369 | D        | Noticed a lich
  2369 | D        | Noticed a titan
  2369 | D        | Noticed a lich
  2369 | D        | Identified the +4 mace of Osasu {antimagic, rElec rC+ Will-
                  | Str+7}
  2369 | D        | Identified the +10 shortbow of the Rescuing Gods {freeze,
                  | rC++ Stlth-}
  2369 | D        | Noticed a lich
  2370 | D        | Noticed a lich
  2370 | D        | Identified the +4 arbalest "Keggef" {freeze, rPois rF-
                  | rCorr}
  2370 | D        | Found the +1 cloak of Starlight {*Dazzle EV+4 Stlth--}
  2370 | D        | Noticed a lich
  2370 | D        | Noticed a lich
  2371 | D        | Killed a lich
  2371 | D        | Killed a lich
  2371 | D        | Killed a titan
  2371 | D        | Killed a lich
  2371 | D        | Killed a lich
  2371 | D        | Killed a lich
  2371 | D        | Killed a lich
  2371 | D        | Killed a lich
  2373 | D        | Identified the +9 glaive of Crusades {spect, rPois}
  2374 | D        | Noticed a titan
  2377 | D        | Noticed a lich
  2379 | D        | Killed a lich
  2380 | D        | Found a transporter.
  2382 | D        | Killed a titan
  2383 | D        | Reached skill level 15 in Air Magic
  2661 | D        | Got the Incunabulum of Bones
  2693 | D        | Got the Elucidation of the Rank Rocks
  2716 | D        | Entered arena 28.
  2725 | D        | Noticed a royal mummy
  2725 | D        | Noticed a royal mummy
  2725 | D        | Noticed a royal mummy
  2725 | D        | Identified the +4 chain mail "Lugiren" {Rampage rC- Dex+4}
  2725 | D        | Noticed a royal mummy
  2726 | D        | Noticed a royal mummy
  2726 | D        | Found the +0 pair of fencer's gloves {Riposte Dex+3}
  2726 | D        | Noticed a dread lich
  2727 | D        | Noticed a royal mummy
  2727 | D        | Noticed a royal mummy
  2727 | D        | Identified the +1 scimitar "Lamaq" {antimagic, Dex+2}
  2728 | D        | Reached skill level 15 in Spellcasting
  2728 | D        | Reached XP level 19. HP: 50/207 MP: 4/38
  2728 | D        | Identified the +6 short sword of the Lurker {speed, Dex+3}
  2728 | D        | Noticed a royal mummy
  2729 | D        | Killed a royal mummy
  2729 | D        | Killed a royal mummy
  2729 | D        | Killed a royal mummy
  2729 | D        | Killed a royal mummy
  2729 | D        | Killed a dread lich
  2729 | D        | Killed a royal mummy
  2729 | D        | Killed by a royal mummy's death curse

Illustrated notes

Levels and vault maps discovered:
D:        sprint_v [room_start, room_1, room_2, room_3, room_4, room_5, room_6,
          room_7, room_8, room_9, room_10, room_11, room_12, room_13, room_14,
          room_15, room_16, room_17, room_18, room_19, room_20, room_21,
          room_22, room_23, room_24, room_25, room_26, room_27]

Skill      XL: |  1  2  3  4  5  6  7  8  9 10 11 12 13 14 15 16 17 18 |
---------------+-------------------------------------------------------+-----
Invocations    | 9 11 14 20 22 23 27 | 27.0
Fighting       | 15 19 20 27 | 27.0
Armour         | 2 9 14 15 21 22 27 | 27.0
Long Blades    | 10 16 | 16.0
Shields        | 9 10 15 18 20 | 20.0
Evocations     | 23 27 | 27.0
Dodging        | 15 | 15.0
Spellcasting   | 8 15 | 15.2
Ice Magic      | 3 |  3.9
Conjurations   | 9 19 | 19.3
Air Magic      | 8 15 | 15.8
Axes           | |  4.0

Action                     |  1- 3 |  4- 6 |  7- 9 | 10-12 | 13-15 | 16-18 | 19-21 || total
---------------------------+-------+-------+-------+-------+-------+-------+-------++-------
  Melee: Double sword      |     2 |     1 |    28 |       |    14 |    38 |       ||    83
 Invoke: Upheaval          |     1 |       |       |       |     5 |     4 |       ||    10
         Disaster Area     |       |       |     2 |     6 |     8 |    10 |     1 ||    27
  Evoke: Wand              |       |     1 |       |       |       |     7 |       ||     8
    Use: Potion            |     1 |       |       |       |       |       |     1 ||     2
         Scroll            |       |       |       |     1 |     1 |     4 |       ||     6
 Armour: Gold dragon scale |       |       |    17 |       |     9 |    18 |       ||    44
  Dodge: Repelled          |       |       |       |       |     1 |       |       ||     1
         Dodged            |       |       |       |       |       |     2 |       ||     2
  Block: Kite shield       |     1 |     4 |    60 |     1 |    25 |    82 |     3 ||   176

Table legend: (Time is in decaauts)
 A = Elapsed time spent in this place.
 B = Non-inter-level travel time spent in this place.
 C = Inter-level travel time spent in this place.
 D = Time resting spent in this place.
 E = Time spent auto-exploring this place.
 F = Levels seen in this place.
 G = Mean time per level.
                   A        B        C        D        E       F      G
               +--------+--------+--------+--------+--------+-----+--------+
         Total |   2736 |   2708 |     28 |   1571 |    107 |   1 | 2736.0 |
       Dungeon |   2736 |   2708 |     28 |   1571 |    107 |   1 | 2736.0 |
               +--------+--------+--------+--------+--------+-----+--------+

Top non-repeatable levels by time:
       D: 2736 daAuts
